 Dungeon Crawl Stone Soup version 0.29-a0-330-g52719c12eb (webtiles) character file.

Game seed: 4694428725569072238

1962 kae the Firebug (level 9, -5/58 HPs)
             Began as an Octopode Fire Elementalist on Apr 18, 2022.
             Slain by an ice beast (15 damage)
             ... on level 6 of the Dungeon.
             The game lasted 00:05:11 (7079 turns).

kae the Firebug (Octopode Fire Elementalist)        Turns: 7079, Time: 00:05:11

Health: -5/58      AC:  1    Str: 13    XL:     9   Next: 19%
Magic:  2/15       EV: 14    Int: 22    God:
Gold:   348        SH:  0    Dex: 12    Spells: 10/16 levels left

rFire   + . .      SeeInvis .   c - +2 dagger (venom)
rCold   x . .      Faith    .   (no shield)
rNeg    . . .      Spirit   .   (helmet restricted)
rPois   .          Reflect  .   p - amulet of regeneration
rElec   .          Harm     .   l - ring of flight
rCorr   .          Rampage  .   d - ring of fire
Will    .....                   f - +6 ring of strength
Stlth   ++++......              (no ring)
HPRegen 0.99/turn               (no ring)
MPRegen 0.14/turn               (no ring)
                                (no ring)
                                (no ring)

@: lethally poisoned (-5 -> -6), flying
A: almost no armour, amphibious, 8 rings, camouflage 1, gelatinous body 1,
(nimble swimmer 1), tentacles
a: no special abilities


You were on level 6 of the Dungeon.
You visited 2 branches of the dungeon, and saw 7 of its levels.

You collected 348 gold pieces.

Inventory:

Hand Weapons
 c - a +2 dagger of venom (weapon)
 n - a +1 spectral quarterstaff
Jewellery
 d - a ring of fire (right tentacle)
 f - a +6 ring of strength (on tentacle)
 l - a ring of flight (left tentacle)
 p - an amulet of regeneration (around mantle)
Wands
 k - a wand of charming (5)
 o - a wand of acid (10)
 u - a wand of iceblast (3)
Scrolls
 j - a scroll of blinking
 m - a scroll of magic mapping
 q - a scroll of immolation {unknown}
 r - a scroll of fear
Potions
 b - 2 potions of degeneration {unknown}
 e - 2 potions of brilliance
 g - 2 potions of curing {unknown}
 h - a potion of might
 i - a potion of attraction {unknown}
 t - a potion of flight {unknown}


   Skills:
 + Level 4.0 Fighting
 + Level 4.8 Dodging
 + Level 6.7 Stealth
 + Level 4.4 Spellcasting
 + Level 4.3 Conjurations
 * Level 7.0 Fire Magic


You had 10 spell levels left.
You knew the following spells:

 Your Spells              Type           Power      Damage    Failure   Level
a - Foxfire               Conj/Fire      100%       2x1d9     1%          1
b - Scorch                Fire           100%       2d10      1%          2
c - Conjure Flame         Conj/Fire      45%        6-21      3%          3

Your spell library contained the following spells:

 Spells                   Type           Power      Damage    Failure   Level
 Static Discharge         Conj/Air       14%        N/A       7%          2
 Inner Flame              Hex/Fire       30%        N/A       8%          3
 Sandblast                Erth           8%         2d5       11%         1
 Flame Wave               Conj/Fire      45%        2d10      11%         4
 Ignite Poison            Fire/Tmut/Pois 22%        N/A       12%         3
 Stone Arrow              Conj/Erth      28%        3d8       13%         3
 Corpse Rot               Necr/Air       8%         N/A       16%         2
 Passwall                 Tmut/Erth      3%         N/A       16%         2
 Poisonous Vapours        Pois/Air       8%         N/A       16%         2
 Mephitic Cloud           Conj/Pois/Air  11%        N/A       19%         3
 Confusing Touch          Hex            4%         N/A       32%         3
 Lightning Bolt           Conj/Air       7%         1d19      77%         5
 Freezing Cloud           Conj/Ice/Air   5%         6-21      86%         5
 Yara's Violent Unravell  Hex/Tmut       2%         3d3       96%         5
 Summon Cactus Giant      Summ           2%         N/A       100%        6
 Enfeeble                 Hex            2%         N/A       100%        7
 Maxwell's Capacitive Co  Air            2%         ∞         100%        8


Dungeon Overview and Level Annotations

Branches:
Dungeon (6/15)             Temple (1/1) D:4

Altars:
Cheibriados
Dithmenos
Gozag
Hepliaklqana
Kikubaaqudgha
Makhleb
Nemelex Xobeh
Okawaru
Qazlal
Ru
Sif Muna
Trog
Uskayaw
Vehumet
Xom
Yredelemnul
Zin

Annotations:
D:6 Pikel, Sigmund


Innate Abilities, Weirdness & Mutations

You cannot wear most types of armour.
You are amphibious.
You can wear up to eight rings at the same time.
Your skin changes colour to match your surroundings (Stealth+).
Your rubbery body absorbs attacks. (AC +1, EV +1)
((You are camouflaged when in or above water. (Stealth+)))
You have tentacles for arms and can constrict up to eight enemies at once.


Message History

You feel a surge of power!
Flames lash the scorpion.
The scorpion is moderately wounded.
The scorpion's fire resistance burns away.
The scorpion closely misses you. The ice beast closely misses you.
The scorpion stings you. The ice beast barely misses you.
Casting: Scorch (safe; 1% risk of failure)
Confirm with . or Enter, or press ? or * to list all spells.
You feel a surge of power!
Flames lash the ice beast.
The ice beast melts!
The ice beast is moderately wounded.
The ice beast's fire resistance burns away.
The scorpion stings you. The ice beast barely misses you.
The scorpion stings you!
You are poisoned.
The scorpion poisons you! The ice beast hits you. The ice beast freezes you!
You feel a terrible chill!
* * * LOW HITPOINT WARNING * * *
Casting: Scorch (safe; 1% risk of failure)
Confirm with . or Enter, or press ? or * to list all spells.
You feel a surge of power!
Flames lash the scorpion.
The scorpion is burned terribly!
You kill the scorpion!
The adder hisses angrily.
You feel sick.
A scorpion comes into view.
The ice beast completely misses you.
You feel sick.
A shadow imp comes into view.
The ice beast closely misses you.
Casting: Scorch (safe; 1% risk of failure)
Confirm with . or Enter, or press ? or * to list all spells.
You feel a surge of power!
Flames lash the scorpion.
The scorpion is severely wounded.
The scorpion's fire resistance burns away.
The shadow imp shouts, "Fly, thou mangled doghearted boar-pig!"
You feel sick.
The ice beast is no longer more vulnerable to fire.
The ice beast hits you.
* * * LOW HITPOINT WARNING * * *
The ice beast freezes you!
You feel a terrible chill!
You die...

### #.##....#
#.# ...#....##
#.####.###....
........
#...sY@..S..5.
.......
##.###†###....
.....
#.###....
#...# ....z...
#...# #.##
z... #.# #.#
5.# ##.### ..#
# #.###...5)
.##
#..##...#####
#...=..##


You could see an ice beast, a scorpion (combustible), an adder and a shadow imp.

Vanquished Creatures
  Grinder (D:5)
  Edmund (D:4)
  An ice beast (D:6)
  2 ogres
  A centaur (D:4)
  A lemure (D:5)
  3 phantoms
  A bullfrog (D:6)
  6 scorpions
  A necrophage (D:4)
  3 orc priests
  4 hounds
  2 iguanas
  2 orc wizards
  9 adders
  2 shadow imps (D:6)
  A white imp (D:5)
  2 ufetubi
  2 worms
  4 dart slugs
  13 orcs
  5 bats
  9 endoplasms
  2 giant cockroaches
  15 goblins
  9 hobgoblins
  6 jackals
  4 kobolds
  6 quokkas
  13 ball pythons
  5 frilled lizards
  4 rats
140 creatures vanquished.

Vanquished Creatures (collateral kills)
  A necrophage (D:4)
1 creature vanquished.

Vanquished Creatures (others)
  322 foxfires
  A plant (D:3)
323 creatures vanquished.

Grand Total: 464 creatures vanquished

Notes
Turn   | Place    | Note
-------+----------+-------------------------------------------
     0 | D:1      | kae the Octopode Fire Elementalist began the quest for the
                  | Orb.
     0 | D:1      | Reached XP level 1. HP: 11/11 MP: 3/3
   286 | D:1      | Reached XP level 2. HP: 17/17 MP: 0/5
   952 | D:1      | Reached XP level 3. HP: 22/22 MP: 3/6
  1170 | D:2      | Found a faded altar of an unknown god.
  1313 | D:1      | Learned a level 2 spell: Scorch
  1317 | D:1      | Learned a level 3 spell: Conjure Flame
  1320 | D:2      | Reached XP level 4. HP: 27/27 MP: 4/7
  1487 | D:2      | Reached skill level 1 in Fighting
  2768 | D:3      | Reached skill level 4 in Fire Magic
  3002 | D:3      | Reached XP level 5. HP: 33/33 MP: 8/8
  3566 | D:4      | Reached XP level 6. HP: 27/39 MP: 8/10
  3929 | D:4      | Reached skill level 5 in Fire Magic
  3929 | D:4      | Reached XP level 7. HP: 45/45 MP: 7/11
  4014 | D:4      | Found a staircase to the Ecumenical Temple.
  4109 | Temple   | Entered the Ecumenical Temple
  4586 | D:4      | Reached skill level 5 in Stealth
  5109 | D:5      | Entered Level 5 of the Dungeon
  5133 | D:5      | Noticed Edmund
  5287 | D:5      | Reached XP level 8. HP: 51/51 MP: 8/13
  5984 | D:6      | Reached skill level 6 in Fire Magic
  6331 | D:6      | Noticed Sigmund
  6461 | D:6      | Noticed Pikel
  6613 | D:4      | Killed Edmund
  6829 | D:6      | Noticed Grinder
  6902 | D:5      | Killed Grinder
  6903 | D:5      | Reached XP level 9. HP: 52/58 MP: 6/15
  7022 | D:5      | Reached skill level 7 in Fire Magic
  7079 | D:6      | Slain by an ice beast

Illustrated notes

Levels and vault maps discovered:
D:1:      mrwooster_arrival_statue_2, layout_rooms, minmay_misc_feat_hallway
D:2:      layout_rooms, nicolae_ecumenical_snake_handling
D:3:      corexii_shack_village, layout_loops_cross, st_stairs_11
D:4:      layout_layer_cave, minmay_temple_entry_proselytizer,
          nicolae_ossuary_entry_false_entrances
D:5:      layout_rooms, uniq_edmund
D:6:      layout_loops_ring, nzn_random_ring, uniq_sigmund, uniq_pikel,
          uniq_grinder
Temple:   minmay_crystal_spiral_temple

Skill      XL: |  1  2  3  4  5  6  7  8  9 |
---------------+----------------------------+-----
Stealth        | 3 4 5 6 |  6.7
Fighting       | 1 2 3 4 |  4.0
Fire Magic     | 4 5 6 7 |  7.0
Conjurations   | 2 3 4 |  4.3
Dodging        | 3 4 |  4.8
Spellcasting   | 3 4 |  4.4

Action                   |  1- 3 |  4- 6 |  7- 9 || total
-------------------------+-------+-------+-------++-------
Melee: Unarmed           |    19 |    12 |       ||    31
       Constrict         |     8 |    12 |     7 ||    27
       Tentacles         |     5 |     8 |     5 ||    18
       Punch             |     1 |     1 |       ||     2
       Dagger            |       |    58 |    19 ||    77
       Quarterstaff      |       |     4 |       ||     4
 Cast: Foxfire           |    42 |    64 |    81 ||   187
       Scorch            |     1 |     2 |    40 ||    43
       Conjure Flame     |       |       |     6 ||     6
  Use: Scroll            |       |    10 |     2 ||    12
       Potion            |       |     2 |     1 ||     3
 Stab: Sleeping          |       |    11 |     1 ||    12
Armor: Skin              |       |     2 |     5 ||     7
Dodge: Dodged            |    38 |    43 |    58 ||   139

Table legend: (Time is in decaauts)
 A = Elapsed time spent in this place.
 B = Non-inter-level travel time spent in this place.
 C = Inter-level travel time spent in this place.
 D = Time resting spent in this place.
 E = Time spent auto-exploring this place.
 F = Levels seen in this place.
 G = Mean time per level.
                   A        B        C        D        E       F      G
               +--------+--------+--------+--------+--------+-----+--------+
         Total |   7088 |   6748 |    340 |    519 |   5021 |   7 | 1012.6 |
       Dungeon |   6876 |   6621 |    255 |    519 |   4909 |   6 | 1146.0 |
        Temple |    211 |    127 |     84 |      0 |    112 |   1 |  211.0 |
               +--------+--------+--------+--------+--------+-----+--------+

Top non-repeatable levels by time:
     D:4: 1554 daAuts
     D:3: 1385 daAuts
     D:1: 1345 daAuts
     D:5: 979 daAuts
     D:6: 821 daAuts
     D:2: 789 daAuts
  Temple: 211 daAuts
